 Dungeon Crawl Stone Soup version 0.22.1-2-g9c5b331 (webtiles) character file.

87 Lauz the Slasher (level 4, -1/51 HPs)
             Began as a Demonspawn Gladiator on Dec 3, 2018.
             Killed from afar by a killer bee (16 damage)
             ... with an exploding inner flame
             ... hexed by the player character
             ... on level 3 of the Dungeon.
             The game lasted 00:04:45 (2163 turns).

Lauz the Slasher (Demonspawn Gladiator)             Turns: 2163, Time: 00:04:46

Health: -1/51      AC:  9    Str: 22    XL:     4   Next: 28%
Magic:  4/4        EV: 16    Int: 11    God:
Gold:   76         SH:  0    Dex: 17    Spells: 3/3 levels left

rFire    . . .     SeeInvis .   a - +0 long sword
rCold    . . .     Gourm    .   (no shield)
rNeg     . . .     Faith    .   p - +0 scale mail
rPois    .         Spirit   .   c - +0 helmet
rElec    .         Reflect  .   (no cloak)
rCorr    .         Harm     .   (no gloves)
MR       .....                  (no boots)
Stlth    ..........             (no amulet)
HPRegen  0.17/turn              j - +5 ring of strength
MPRegen  0.09/turn              (no ring)

@: agile, berserking, lethally poisoned (-1 -> -5), very quick
A: hooves 1, thin metallic scales 1, clumsy 1, weak 1, rot immunity
a: no special abilities


You were on level 3 of the Dungeon.
You were not hungry.

You visited 1 branch of the dungeon, and saw 3 of its levels.

You collected 76 gold pieces.

Inventory:

Hand Weapons
 a - a +0 long sword (weapon)
Missiles
 d - 3 throwing nets (quivered)
Armour
 b - a +0 leather armour
 c - a +0 helmet (worn)
 m - +0 fire dragon scales
 p - a +0 scale mail (worn)
Jewellery
 j - a +5 ring of strength (left hand)
Wands
 h - a wand of enslavement (19)
Scrolls
 k - a scroll of identify
Potions
 e - a potion of curing
 l - a potion of agility
Comestibles
 f - 3 rations


   Skills:
 + Level 2.8 Fighting
 * Level 4.1 Long Blades
 - Level 1.7 Throwing
 + Level 0.7 Armour
 - Level 2.7 Dodging
 + Level 0.1 Stealth


You had 3 spell levels left.
You didn't know any spells.
Your spell library was empty.

Dungeon Overview and Level Annotations

Branches:
Dungeon (3/15)

Altars:
Cheibriados
Elyvilon
Gozag
Makhleb
The Shining One


Innate Abilities, Weirdness & Mutations

You are partially covered in thin metallic scales. (AC +2)
You are immune to rotting.
You have large cloven feet.
You are clumsy. (Dex -2)
You are weak. (Str -2)


Message History

The killer bee stings you but does no damage.
It was a potion of mutation.
You feel extremely strange.
You feel weaker.
You feel clumsy.
Your feet thicken and deform.
The killer bee barely misses you. The killer bee stings you.
Sorry, you're not good enough to have a special ability.
It was a potion of agility.
You feel agile all of a sudden.
You feel sick. The killer bee closely misses you. The killer bee stings you.
* * * LOW HITPOINT WARNING * * *
It was a potion of berserk rage.
A red film seems to cover your vision as you go berserk!
You feel yourself moving faster!
You feel mighty!
You feel sick. The killer bee barely misses you. The killer bee misses you.
You hit the killer bee. You kick the killer bee!
The killer bee is almost dead.
The killer bee barely misses you.
You slash the killer bee!
The killer bee explodes!
The fiery explosion engulfs you!
You die...

#.# #.# #.# #.#
#.#########.#
#..........##
##########.#
#.# #.#
#.#########
#....@§yy.#...#
#########.#...#
#.#...# #y#...#
#.#...# #.#...#
#.#...# #.#'''#
#.....#


You could see 2 killer bees.

Vanquished Creatures
  Robin (D:2)
  An adder (D:2)
  An ooze (D:1)
  2 worms (D:2)
  3 dart slugs (D:1)
  4 orcs (D:3)
  2 giant cockroaches
  9 goblins
  2 hobgoblins
  7 kobolds
  10 bats
  3 frilled lizards
  A rat (D:2)
46 creatures vanquished.

Vanquished Creatures (others)
  A goblin (D:2)
1 creature vanquished.

Grand Total: 47 creatures vanquished

Notes
Turn   | Place    | Note
-------+----------+-------------------------------------------
     0 | D:1      | Lauz the Demonspawn Gladiator began the quest for the Orb.
     0 | D:1      | Reached XP level 1. HP: 16/16 MP: 1/1
   102 | D:1      | Reached skill level 3 in Long Blades
   110 | D:1      | Gained mutation: You are immune to rotting. [demonic
                  | ancestry]
   110 | D:1      | Reached XP level 2. HP: 23/23 MP: 2/2
   698 | D:2      | Reached XP level 3. HP: 26/28 MP: 3/3
   730 | D:2      | Found an opulent altar of Gozag.
  1040 | D:2      | Noticed Robin
  1235 | D:2      | Killed Robin
  1372 | D:2      | Found a snail-covered altar of Cheibriados.
  1387 | D:2      | Gained mutation: You are partially covered in thin metallic
                  | scales. (AC +2) [demonic ancestry]
  1387 | D:2      | Reached XP level 4. HP: 34/34 MP: 4/4
  1560 | D:2      | Reached skill level 4 in Long Blades
  1877 | D:3      | Found a glowing golden altar of the Shining One.
  1902 | D:3      | Found a white marble altar of Elyvilon.
  1908 | D:3      | Found a burning altar of Makhleb.
  2159 | D:3      | Gained mutation: You are weak. (Str -2) [potion of
                  | mutation]
  2159 | D:3      | Gained mutation: You are clumsy. (Dex -2) [potion of
                  | mutation]
  2159 | D:3      | Gained mutation: You have large cloven feet. [potion of
                  | mutation]
  2163 | D:3      | Killed from afar by a killer bee

Skill      XL: |  1  2  3  4 |
---------------+-------------+-----
Long Blades    | 3 4 |  4.1
Fighting       | |  2.8
Throwing       | |  1.7
Armour         | |  0.7
Dodging        | |  2.7
Stealth        | |  0.1

Action                   |  1- 3 |  4- 6 || total
-------------------------+-------+-------++-------
Melee: Long sword        |    82 |    26 ||   108
       Kick              |       |     1 ||     1
  Use: Scroll            |     1 |     2 ||     3
       Potion            |       |     3 ||     3
  Eat: Chunk             |     2 |     2 ||     4
Armor: Leather armour    |    31 |     2 ||    33
       Scale mail        |       |     8 ||     8
Dodge: Dodged            |    63 |    25 ||    88
       Rpst.: Long sword |    16 |     7 ||    23
